 Dungeon Crawl Stone Soup version 0.21.1-1-g345015fe64 (webtiles) character file.

565 Htamos the Sneak (level 7, -5/35 HPs)
             Began as a Spriggan Venom Mage on June 11, 2018.
             Was an Initiate of Dithmenos.
             Killed by triggering an arrow trap (9 damage)
             ... in an ossuary.
             The game lasted 00:40:42 (6694 turns).

Htamos the Sneak (Spriggan Venom Mage)              Turns: 6694, Time: 00:40:43

Health: -5/35      AC:  2    Str:  4    XL:     7   Next: 10%
Magic:  0/12       EV: 21    Int: 17    God:    Dithmenos [......]
Gold:   44         SH:  0    Dex: 18    Spells: 13/14 levels left

rFire    + . .     SeeInvis +   g - +1 short sword
rCold    . . .     Gourm    .   (shield restricted)
rNeg     . . .     Faith    .   a - +0 robe
rPois    +         Spirit   +   (helmet restricted)
rElec    .         Reflect  .   (no cloak)
rCorr    .         Harm     .   (gloves unavailable)
MR       +....     Clarity  +   (boots unavailable)
Stlth    +++.......             t - amulet of guardian spirit
HPRegen  0.11/turn              p - ring of protection from fire
MPRegen  0.13/turn              m - ring of poison resistance

@: very quick
A: very small, unfitting armour, see invisible, clarity, herbivore, speed 3, low
mp 1, slow metabolism 2
a: Renounce Religion


You were in an ossuary.
You worshipped Dithmenos.
Dithmenos was noncommittal.
You were not hungry.

You visited 2 branches of the dungeon, and saw 6 of its levels.
You also visited: Ossuary.

You collected 204 gold pieces.
You spent 160 gold pieces at shops.

Inventory:

Hand Weapons
 g - a +1 short sword (weapon)
Missiles
 d - 79 bolts
 e - 129 stones (quivered)
 n - 13 poisoned needles
Armour
 a - a +0 robe (worn)
Jewellery
 i - an uncursed ring of fire {unknown}
 m - a ring of poison resistance (right hand)
 p - a ring of protection from fire (left hand)
 t - an amulet of guardian spirit (around neck)
Scrolls
 f - 4 scrolls of teleportation
 q - 3 scrolls of immolation
Potions
 h - 3 potions of brilliance
 j - a potion of degeneration
 k - 4 potions of curing
 o - a potion of heal wounds {unknown}
 r - a potion of might {unknown}
 s - a potion of haste {unknown}
Books
 b - a Young Poisoner's Handbook

   Spells                             Type                      Level
   a - Sting                          Conjuration/Poison           1
   b - Poisonous Vapours              Poison/Air                   2
   c - Mephitic Cloud                 Conjuration/Poison/Air       3
   d - Olgreb's Toxic Radiance        Poison                       4
   e - Venom Bolt                     Conjuration/Poison           5
Comestibles
 c - 7 rations


   Skills:
 * Level 2.1 Fighting
 * Level 4.0 Short Blades
 + Level 0.1 Throwing
 * Level 5.1 Dodging
 * Level 5.3 Stealth
 + Level 4.0 Spellcasting
 - Level 0.6 Conjurations
 + Level 4.4 Poison Magic


You had 13 spell levels left.
You knew the following spells:

 Your Spells              Type           Power        Failure   Level  Hunger
a - Sting                 Conj/Pois      ##..         5%          1    None


Dungeon Overview and Level Annotations

Branches:
Dungeon (5/15)             Temple (1/1) D:4

Altars:
Cheibriados
Dithmenos
Elyvilon
Fedhas
Hepliaklqana
Kikubaaqudgha
Nemelex Xobeh
Okawaru
Ru
Trog
Uskayaw
Vehumet
Xom
Zin

Shops:
D:4 [!%?*

Annotations:
D:4 Faustar's ghost, amateur DENe


Innate Abilities, Weirdness & Mutations

You are very small and have problems with some larger weapons.
You are too small for most types of armour.
You have supernaturally acute eyesight. (SInv)
You are a herbivore.
You cover ground extremely quickly.
You need consume almost no food.
You possess an exceptional clarity of mind.
Your magical capacity is low. (-10% MP)


Message History

The water moccasin zombie bites you.
* * * LOW HITPOINT WARNING * * *
A poisoned needle shoots out and hits you!
The water moccasin zombie misses you.
There is a needle trap here.
Really walk into that arrow trap?
An arrow shoots out and hits you!
* * * LOW HITPOINT WARNING * * *
A poisoned needle hits the water moccasin zombie!
There is an arrow trap here.
An arrow shoots out and hits you!
* * * LOW HITPOINT WARNING * * *
There is an arrow trap here.
An arrow hits the water moccasin zombie!
There is an open door here.
There is an open door here.
You found an arrow trap!
A poisoned needle hits the adder zombie, but does no damage!
An arrow shoots out and hits you!
You die...

#^^.# #'###
#...# #...#
#...# #...#
###'# #..^#
#@^^# #..^#
#^^.#
###'##### ###
#...Z^^.# ...#
#...#^^^#....+
#...#^Z.'....#
##############


You could see an adder zombie and a water moccasin zombie.

Vanquished Creatures
  A water moccasin zombie (Ossuary)
  A bullfrog skeleton (D:4)
  An orc priest (D:2)
  2 hounds
  A worker ant (D:5)
  2 orc wizards (D:4)
  4 big kobold zombies (Ossuary)
  5 adders
  4 gnolls
  A shadow imp (D:5)
  An ooze (D:3)
  2 adder skeletons
  2 adder zombies (Ossuary)
  4 worms
  2 dart slugs
  8 leopard geckos
  14 orcs
  A ball python (D:2)
  7 bats
  3 giant cockroaches
  2 gnoll zombies (Ossuary)
  4 goblins
  7 hobgoblins
  11 jackals
  A quokka (D:4)
  6 frilled lizards
  5 hobgoblin zombies (Ossuary)
  11 kobolds
  3 kobold zombies (Ossuary)
  3 orc zombies (Ossuary)
  7 rats
126 creatures vanquished.

Notes
Turn   | Place    | Note
-------+----------+-------------------------------------------
     0 | D:1      | Htamos the Spriggan Venom Mage began the quest for the Orb.
     0 | D:1      | Reached XP level 1. HP: 9/9 MP: 5/5
   580 | D:1      | Reached XP level 2. HP: 10/13 MP: 6/6
   835 | D:1      | Found a burning altar of Makhleb.
   837 | D:1      | Found a bloodstained altar of Trog.
   837 | D:1      | Found a stormy altar of Qazlal.
   839 | D:1      | Found a radiant altar of Vehumet.
   839 | D:1      | Found a shimmering altar of Xom.
   839 | D:1      | Found a basalt altar of Yredelemnul.
  1146 | D:1      | Reached XP level 3. HP: 16/17 MP: 4/8
  1422 | D:2      | Found a sparkling altar of Nemelex Xobeh.
  1533 | D:2      | Reached skill level 1 in Short Blades
  2277 | D:2      | Reached XP level 4. HP: 21/21 MP: 2/9
  2473 | D:2      | Reached skill level 1 in Fighting
  3227 | D:3      | Reached XP level 5. HP: 25/25 MP: 6/11
  4090 | D:4      | Found Zuicane's Armour Boutique.
  4154 | D:4      | Found Qotyreolos's Distillery.
  4170 | D:4      | Found Nofah's Food Shoppe.
  4190 | D:4      | Reached XP level 6. HP: 27/30 MP: 9/12
  4239 | D:4      | Noticed Faustar's ghost (amateur DENe)
  4259 | D:4      | Found a staircase to the Ecumenical Temple.
  4298 | D:4      | Bought a potion of mutation for 80 gold pieces
  4298 | D:4      | Bought a potion of mutation for 80 gold pieces
  4298 | D:4      | Gained mutation: You are partially covered in thin metallic scales. (AC +2) [potion of mutation]
  4298 | D:4      | Gained mutation: You are partially covered in iridescent scales. (AC +2) [potion of mutation]
  4314 | D:4      | Lost mutation: You are partially covered in thin metallic scales. (AC +2) [potion of mutation]
  4314 | D:4      | Lost mutation: You are partially covered in iridescent scales. (AC +2) [potion of mutation]
  4314 | D:4      | Gained mutation: Your magical capacity is low. (-10% MP) [potion of mutation]
  4314 | D:4      | Gained mutation: You possess an exceptional clarity of mind. [potion of mutation]
  4318 | D:4      | Found Zarixzi's Magic Scroll Shop.
  4352 | D:4      | Found Pireacex's Assorted Antiques.
  5175 | Temple   | Entered the Ecumenical Temple
  5199 | Temple   | Became a worshipper of Dithmenos the Shadowed
  5237 | D:5      | Entered Level 5 of the Dungeon
  5498 | D:4      | Reached skill level 5 in Stealth
  5952 | D:5      | Found a sand-covered staircase.
  5964 | Ossuary  | Entered an ossuary
  6110 | Ossuary  | HP: 1/30 [big kobold zombie (2)]
  6437 | Ossuary  | Reached skill level 5 in Dodging
  6437 | Ossuary  | Reached XP level 7. HP: 16/35 MP: 4/12
  6694 | Ossuary  | Killed by triggering an arrow trap

Skill      XL: |  1  2  3  4  5  6  7 |
---------------+----------------------+-----
Spellcasting   | 3 4 |  4.0
Short Blades   | 1 2 3 4 |  4.0
Fighting       | 1 2 |  2.1
Stealth        | 4 5 |  5.3
Dodging        | 4 5 |  5.1
Poison Magic   | 4 |  4.4
Throwing       | |  0.1
Conjurations   | |  0.6

Action                   |  1- 3 |  4- 6 |  7- 9 || total
-------------------------+-------+-------+-------++-------
Melee: Short sword       |    93 |   275 |    85 ||   453
       Unarmed           |     8 |       |       ||     8
Throw: Stone             |     1 |     7 |       ||     8
 Cast: Sting             |    81 |   128 |       ||   209
  Use: Scroll            |       |    12 |       ||    12
       Potion            |       |     2 |       ||     2
 Stab: Sleeping          |     4 |     9 |       ||    13
       Distracted        |       |     1 |       ||     1
  Eat: Ration            |       |     2 |       ||     2
Armor: Robe              |    21 |    10 |     1 ||    32
Dodge: Dodged            |   147 |   215 |    47 ||   409
